 Dungeon Crawl Stone Soup version 0.26-b1-32-g5d43845318 (webtiles) character file.

Game seed: 1724046335398149678

7 jmlagarto the Sneak (level 1, 0/9 HPs)
             Began as a Spriggan Enchanter on Jan 9, 2021.
             Slain by an adder (1 damage)
             ... on level 2 of the Dungeon.
             The game lasted 00:01:24 (699 turns).

jmlagarto the Sneak (Spriggan Enchanter)             Turns: 699, Time: 00:01:25

Health: 0/9        AC:  2    Str:  4    XL:     1   Next: 91%
Magic:  2/5        EV: 18    Int: 16    God:
Gold:   53         SH:  0    Dex: 16    Spells: 4/5 levels left

rFire    . . .     SeeInvis +   a - +1 dagger
rCold    . . .     Faith    .   (shield restricted)
rNeg     . . .     Spirit   .   b - +0 robe
rPois    .         Reflect  .   (helmet restricted)
rElec    .         Harm     .   (no cloak)
rCorr    .         Rampage  .   (gloves unavailable)
Will     .....                  (boots unavailable)
Stlth    +++.......             (no amulet)
HPRegen  0.03/turn              (no ring)
MPRegen  0.09/turn              (no ring)

@: lethally poisoned (0 -> -8), very quick
A: very small, unfitting armour, see invisible, speed 3
a: no special abilities


You were on level 2 of the Dungeon.
You visited 1 branch of the dungeon, and saw 2 of its levels.

You collected 53 gold pieces.

Inventory:

Hand Weapons
 a - a +1 dagger (weapon)
Missiles
 d - 69 stones
 i - 20 sling bullets
 l - 23 arrows
Armour
 b - a +0 robe (worn)
Jewellery
 e - an uncursed ring of protection from fire {unknown}
 g - a +4 ring of protection {unknown}
 j - an uncursed ring of stealth {unknown}
Scrolls
 c - a scroll of teleportation {unknown}
 k - a scroll of identify {unknown}
Potions
 f - a potion of haste {unknown}
 h - 2 potions of attraction {unknown}
 m - 2 potions of lignification {unknown}


   Skills:
 + Level 0.2 Fighting
 + Level 1.2 Short Blades
 + Level 3.0 Dodging
 + Level 4.4 Stealth
 + Level 2.7 Spellcasting
 + Level 4.1 Hexes


You had 4 spell levels left.
You knew the following spells:

 Your Spells              Type           Power        Failure   Level
a - Corona                Hex            16%          3%          1

Your spell library contained the following spells:

 Spells                   Type           Power        Failure   Level
 Confusing Touch          Hex            15%          11%         3
 Tukima's Dance           Hex            15%          11%         3
 Ensorcelled Hibernation  Hex/Ice        16%          13%         2
 Dazzling Flash           Conj/Hex       16%          26%         3


Dungeon Overview and Level Annotations

Branches:
Dungeon (2/15)

Altars:


Innate Abilities, Weirdness & Mutations

You are very small and have problems with some larger weapons.
You are too small for most types of armour.
You have supernaturally acute eyesight. (SInv)
You cover ground extremely quickly.


Message History

Confirm with . or Enter, or press ? or * to list all spells.
Aiming: Corona (safe; 3% risk of failure)
Press: ? - help, Shift-Dir - straight line, f/p - adder
Aim: an adder (lightly wounded, chance to affect: 61%)
The adder is outlined in light.
You feel sick. The adder misses you. x2
You barely miss the adder.
The adder is lightly wounded.
The adder closely misses you.
You barely miss the adder.
The adder is lightly wounded.
* * * LOW HITPOINT WARNING * * *
You feel sick. The adder completely misses you.
You hit the adder but do no damage.
The adder is lightly wounded.
The adder barely misses you.
You hit the adder but do no damage.
The adder is lightly wounded.
* * * LOW HITPOINT WARNING * * *
You feel sick. The adder completely misses you. The adder bites you.
You die...

######
#.S@.#
#.##.#
# ##.#
#.<#
####


You could see an adder (corona).

Vanquished Creatures
  An ooze (D:1)
  A giant cockroach (D:1)
  A bat (D:1)
  A frilled lizard (D:1)
4 creatures vanquished.

Notes
Turn   | Place    | Note
-------+----------+-------------------------------------------
     0 | D:1      | jmlagarto the Spriggan Enchanter began the quest for the
                  | Orb.
     0 | D:1      | Reached XP level 1. HP: 9/9 MP: 5/5
   699 | D:2      | Slain by an adder

Illustrated notes

Levels and vault maps discovered:
D:1:      kennysheep_arrival_forest, layout_basic
D:2:      layout_basic, minmay_split_cup_small, uniq_terence, uniq_jessica,
          uniq_sigmund, uniq_robin

Skill      XL: |  1 |
---------------+----+-----
Hexes          | 4 |  4.1
Fighting       | |  0.2
Short Blades   | |  1.2
Dodging        | |  3.0
Stealth        | |  4.4
Spellcasting   | |  2.7

Action                   || total
-------------------------++-------
Melee: Dagger            ||    31
 Cast: Corona            ||     9
Armor: Robe              ||     1
Dodge: Dodged            ||    33
